 Dungeon Crawl Stone Soup version 0.31-a0-183-g4352c244c2 (webtiles) character file.

Game seed: 16837826468341890791

25 Conn the Firebug (level 3, -1/21 HPs)
             Began as an Octopode Fire Elementalist on June 22, 2023.
             Slain by a quokka (4 damage)
             ... on level 2 of the Dungeon.
             The game lasted 00:02:36 (965 turns).

Conn the Firebug (Octopode Fire Elementalist)        Turns: 965, Time: 00:02:36

Health: -1/21      AC:  1    Str:  7    XL:     3   Next: 6%
Magic:  0/6        EV: 13    Int: 19    God:
Gold:   192        SH:  0    Dex: 12    Spells: 5/6 levels left

rFire   . . .        i - +1 short sword (drain)
rCold   . . .        (no shield)
rNeg    . . .        (helmet restricted)
rPois   .            (no amulet)
rElec   .            (no ring)
rCorr   .            (no ring)
SInv    .            (no ring)
Will    .....        (no ring)
Stlth   +++          (no ring)
HPRegen 0.23/turn    (no ring)
MPRegen 0.10/turn    (no ring)
                     (no ring)

%: no passive effects
@: no status effects
A: almost no armour, amphibious, 8 rings, camouflage 1, gelatinous body 1,
(nimble swimmer 1), tentacles
a: no special abilities


You were on level 2 of the Dungeon.
You visited 1 branch of the dungeon, and saw 2 of its levels.

You collected 192 gold pieces.

Inventory:

Hand Weapons
 f - a +0 short sword
 i - a +1 short sword of draining (weapon)
Scrolls
 b - 2 scrolls of identify {unknown}
 c - 2 scrolls of teleportation {unknown}
 e - a scroll of amnesia {unknown}
 h - a scroll of brand weapon {unknown}
Potions
 a - a potion of magic
 d - a potion of curing {unknown}
 g - a potion of resistance {unknown}
 j - a potion of mutation {unknown}


   Skills:
 + Level 2.2 Dodging
 + Level 2.7 Stealth
 + Level 0.4 Unarmed Combat
 + Level 2.3 Spellcasting
 + Level 1.0 Conjurations
 + Level 3.6 Fire Magic


You had 5 spell levels left.
You knew the following spells:

 Your Spells              Type           Power      Damage    Failure   Level
a - Foxfire               Conj/Fire      44%        2x1d6     6%          1

Your spell library contained the following spells:

 Spells                   Type           Power      Damage    Failure   Level
 Scorch                   Fire           32%        2d6       5%          2
 Inner Flame              Hex/Fire       9%         N/A       24%         3
 Volatile Blastmotes      Fire/Tloc      18%        2d11      24%         3
 Flame Wave               Conj/Fire      11%        2d6       54%         4


Dungeon Overview and Level Annotations

Branches:
Dungeon (2/15)

Altars:


Innate Abilities, Weirdness & Mutations

You cannot wear most types of armour.
You are amphibious.
You can wear up to eight rings at the same time.
Your skin changes colour to match your surroundings (Stealth+).
Your rubbery body absorbs attacks. (AC +1, EV +1)
((You are camouflaged when in or above water. (Stealth+)))
You have tentacles for arms and can constrict up to eight enemies at once.


Message History

Unknown command.
You hit the jackal.
You kill the jackal!
The jackal misses you.
You have reached level 3!
Your experience leads to an increase in your attributes!
Increase (S)trength, (I)ntelligence, or (D)exterity?
You feel clever. x2
You hit the jackal but do no damage. Your grab misses the jackal.
Your squeeze misses the jackal. You hit the jackal.
You kill the jackal!
The jackal closely misses you. The jackal bites you.
You barely miss the quokka. Your grab misses the quokka.
The quokka bites you but does no damage.
The jackal bites you. The quokka barely misses you.
You miss the quokka. You grab the quokka.
You constrict the quokka, but do no damage.
The jackal closely misses you. The quokka closely misses you.
You hit the quokka but do no damage. Your squeeze misses the quokka.
You constrict the quokka. The jackal misses you. The quokka bites you.
* * * LOW HITPOINT WARNING * * *
The jackal bites you.
* * * LOW HITPOINT WARNING * * *
Unknown command.
Unknown command.
Unknown command.
Okay, then.
Unknown command.
Unknown command.
Unknown command.
Okay, then.
Unknown command.
Unknown command.
Casting: Foxfire (safe; 6% risk of failure)
Confirm with . or Enter, or press ? or * to list all spells.
You conjure some foxfire!
You constrict the quokka.
The jackal bites you but does no damage.
The quokka bites you.
You die...

######..## #..[........
#..### #.####......
#....######.# #......
#......##...####......
##........####........
..###.......####...(.....
#.......###..#...........
#...#..v.................
.......h@v...##...)......
.##...†r##.#..#..........
#......#.##.#..........
#......... .##.........
#.<....#..#..##........
...........#....##.####.
###.......#...... #.# ##
##............. ..#
##...#....... ..##


You could see a quokka and a jackal (ally target).

Vanquished Creatures
  A dart slug (D:1)
  A bat (D:2)
  2 endoplasms
  2 hobgoblins (D:1)
  5 jackals
  A ball python (D:1)
  A frilled lizard (D:1)
  6 kobolds
  3 rats (D:1)
22 creatures vanquished.

Vanquished Creatures (others)
  44 foxfires
44 creatures vanquished.

Grand Total: 66 creatures vanquished

Notes
Turn   | Place    | Note
-------+----------+-------------------------------------------
     0 | D:1      | Conn the Octopode Fire Elementalist began the quest for the
                  | Orb.
     0 | D:1      | Reached XP level 1. HP: 11/11 MP: 3/3
   259 | D:1      | Reached XP level 2. HP: 11/17 MP: 1/5
   960 | D:2      | Reached XP level 3. HP: 10/21 MP: 0/6
   965 | D:2      | Slain by a quokka

Illustrated notes

Levels and vault maps discovered:
D:1:      spicycebolla_arrival_ecumenical, layout_rooms,
          minmay_gold_behind_fungi
D:2:      layout_rooms, corexii_hall_statues_i, grunt_ministairs_4,
          minmay_misc_feat_x, nicolae_wormholes

Action                     || total
---------------------------++-------
  Melee: Unarmed           ||     8
         Constrict         ||     8
         Short sword       ||    21
         Tentacles         ||     6
   Cast: Foxfire           ||    30
 Armour: Skin              ||     5
  Dodge: Dodged            ||    31

Table legend: (Time is in decaauts)
 A = Elapsed time spent in this place.
 B = Non-inter-level travel time spent in this place.
 C = Inter-level travel time spent in this place.
 D = Time resting spent in this place.
 E = Time spent auto-exploring this place.
 F = Levels seen in this place.
 G = Mean time per level.
                   A        B        C        D        E       F      G
               +--------+--------+--------+--------+--------+-----+--------+
         Total |    963 |    918 |     45 |      0 |    588 |   2 |  481.5 |
       Dungeon |    963 |    918 |     45 |      0 |    588 |   2 |  481.5 |
               +--------+--------+--------+--------+--------+-----+--------+

Top non-repeatable levels by time:
     D:1: 798 daAuts
     D:2: 165 daAuts
